 Dungeon Crawl Stone Soup version 0.20.1-1-g8b1a95d (webtiles) character file.

54 Echep the Skirmisher (level 4, -11/37 HPs)
             Began as a Formicid Abyssal Knight on Oct 30, 2017.
             Was a Believer of Lugonu.
             Killed by nerve-wracking pain
             ... invoked by an orc priest
              (13 damage)
             ... on level 3 of the Dungeon.
             The game lasted 00:12:53 (1377 turns).

Echep the Skirmisher (Formicid Abyssal Knight)      Turns: 1377, Time: 00:12:54

Health: -11/37     AC:  3    Str: 17    XL:     4   Next: 12%
Magic:  3/5        EV: 11    Int: 12    God:    Lugonu [**....]
Gold:   84         SH:  0    Dex: 10    Spells: 3/3 levels left

rFire    . . .     SeeInvis +   a - +1 falchion
rCold    . . .     Gourm    .   (no shield)
rNeg     . . .     Faith    .   b - +0 leather armour
rPois    .         Spirit   .   (helmet unavailable)
rElec    .         Reflect  .   (no cloak)
rCorr    .         Harm     .   (no gloves)
MR       .....                  (no boots)
Stlth    +.........             (no amulet)
Regen    0.2/turn               (no ring)
MPRegen  0.1/turn               (no ring)

@: no status effects
A: permanent stasis, dig shafts and tunnels, four strong arms, antennae 3
a: Dig, Shaft Self, Depart the Abyss, Bend Space, Renounce Religion


You were on level 3 of the Dungeon.
You worshipped Lugonu.
Lugonu was pleased with you.
You were hungry.

You visited 1 branch of the dungeon, and saw 3 of its levels.
You visited the Abyss 1 time.

You collected 84 gold pieces.

Inventory:

Hand Weapons
 a - a +1 falchion (weapon)
 i - a +0 whip
Missiles
 d - 111 stones (quivered)
 n - 53 sling bullets
 p - 16 arrows
 q - 7 poisoned needles
Armour
 b - a +0 leather armour (worn)
Jewellery
 l - an uncursed ring of poison resistance {unknown}
Scrolls
 e - a scroll of blinking {unknown}
 g - a scroll of magic mapping {unknown}
 m - a scroll of identify {unknown}
 o - a scroll of noise {unknown}
 r - a scroll of teleportation {unknown}
Potions
 h - a potion of magic {unknown}
 j - a potion of curing {unknown}
 s - a potion of brilliance {unknown}
 t - a potion of flight {unknown}
Comestibles
 c - a bread ration
 f - 2 meat rations
 k - 2 fruits


   Skills:
 + Level 4.1 Fighting
 + Level 2.8 Long Blades
 + Level 2.7 Armour
 + Level 1.1 Dodging
 + Level 2.2 Invocations


You had 3 spell levels left.
You didn't know any spells.

Dungeon Overview and Level Annotations

Branches:
Dungeon (2/15)

Altars:
Okawaru


Innate Abilities, Weirdness & Mutations

You cannot be hasted, slowed, berserked, paralysed or teleported.
You can dig through walls and to a lower floor.
Your four strong arms can wield two-handed weapons with a shield.
You have a pair of large antennae on your head. (SInv)


Message History

The orc priest hits you with a dagger. The orc priest completely misses you.
You riposte.
You hit the orc priest but do no damage.
The orc priest is lightly wounded.
The orc priest hits you with a dagger.
* * * LOW HITPOINT WARNING * * *
You aren't in the Abyss!
Space bends around you!
You blink.
Space bends around you!
You blink.
The orc priest hits you with a trident.
* * * LOW HITPOINT WARNING * * *
The orc priest closely misses you.
You riposte.
You hit the orc priest.
The orc priest is moderately wounded.
You don't have enough health at the moment.
Unknown command.
You don't have enough health at the moment.
Unknown command.
The orc priest hits you but does no damage.
The orc priest calls down the wrath of Beogh upon you.
Pain shoots through your body!
You die...

#.....# ##.##
#.###.####...##
#...)..#.$#
######....#
##...# ##.)#
#oo# #..# #@##
#.# #.# #.# .#.
# #


You could see 2 orc priests.

Vanquished Creatures
  An adder (D:2)
  A worm (D:2)
  2 dart slugs (D:1)
  4 leopard geckos
  An orc (D:3)
  9 bats
  2 giant cockroaches (D:1)
  4 goblins
  4 hobgoblins (D:1)
  A quokka (D:2)
  2 frilled lizards (D:1)
  2 kobolds
  A rat (D:1)
34 creatures vanquished.

Notes
Turn   | Place    | Note
-------+----------+-------------------------------------------
     0 | Abyss:1  | Echep the Formicid Abyssal Knight began the quest for the Orb.
     0 | Abyss:1  | Reached XP level 1. HP: 18/18 MP: 2/2
     6 | D:1      | Escaped the Abyss
   265 | D:1      | Reached XP level 2. HP: 25/25 MP: 3/3
   344 | D:1      | Reached skill level 4 in Fighting
   450 | D:1      | Reached ** piety under Lugonu
   506 | D:1      | Reached XP level 3. HP: 30/30 MP: 4/4
   844 | D:2      | Found an iron altar of Okawaru.
  1141 | D:2      | Reached skill level 1 in Dodging
  1141 | D:2      | Reached XP level 4. HP: 36/37 MP: 5/5
  1352 | D:2      | You fall through a shaft!
  1375 | D:3      | HP: 1/37 [orc priest/trident (3)]
  1377 | D:3      | Killed from afar by an orc priest

Skill      XL: |  1  2  3 |
---------------+----------+-----
Fighting       | 4 |  4.1
Dodging        | 1 |  1.1
Long Blades    | |  2.8
Armour         | |  2.7
Invocations    | |  2.2

Action                   |  1- 3 |  4- 6 || total
-------------------------+-------+-------++-------
Melee: Falchion          |   105 |     9 ||   114
Invok: Bend Space        |       |     3 ||     3
 Abil: Dig               |    18 |     2 ||    20
  Eat: Meat ration       |     1 |       ||     1
       Fruit             |     2 |     1 ||     3
Armor: Leather armour    |    37 |     3 ||    40
Dodge: Dodged            |    84 |     5 ||    89
       Rpst.: Falchion   |    27 |     3 ||    30
